 Dungeon Crawl Stone Soup version 0.24-a0-365-ga4d96b6e6e (console) character file.

Game seed: 7938246431349693758

3497 Dragon00 the Cleaver (level 9, -6/82 HPs)
             Began as a Minotaur Berserker on May 27, 2019.
             Was an Elder of Trog.
             Killed from afar by an electric eel (10 damage)
             ... with a bolt of electricity
             ... on level 8 of the Dungeon.
             The game lasted 00:29:05 (6185 turns).

Dragon00 the Cleaver (Minotaur Berserker)           Turns: 6185, Time: 00:29:05

Health: -6/82      AC: 15    Str: 27    XL:     9   Next: 80%
Magic:  8/8        EV: 11    Int:  4    God:    Trog [****..]
Gold:   480        SH:  0    Dex: 12    Spells: 8/8 levels left

rFire    . . .     SeeInvis +   a - +1 hand axe
rCold    . . .     Gourm    .   (no shield)
rNeg     . . .     Faith    .   s - +0 plate armour
rPois    .         Spirit   .   (helmet restricted)
rElec    .         Reflect  .   (no cloak)
rCorr    .         Harm     .   (no gloves)
MR       ++...                  j - +1 pair of boots
Stlth    ..........             o - amulet of regeneration
HPRegen  1.63/turn              m - +4 ring of strength
MPRegen  0.11/turn              d - ring of see invisible

@: regenerating
A: retaliatory headbutt, horns 2
a: Berserk, Trog's Hand, Brothers in Arms, Renounce Religion


You were on level 8 of the Dungeon.
You worshipped Trog.
Trog was greatly pleased with you.
You were not hungry.

You visited 2 branches of the dungeon, and saw 9 of its levels.

You collected 480 gold pieces.

Inventory:

Hand Weapons
 a - a +1 hand axe (weapon)
 b - a +0 hunting sling
 r - a +0 morningstar
Missiles
 e - 276 stones
 f - 24 sling bullets
 u - 6 boomerangs (quivered)
Armour
 j - a +1 pair of boots (worn)
 s - a +0 plate armour (worn)
Jewellery
 d - a ring of see invisible (right hand)
 m - a +4 ring of strength (left hand)
 o - an amulet of regeneration (around neck)
Wands
 t - a wand of enslavement (7)
Scrolls
 h - 2 scrolls of enchant weapon
 n - 5 scrolls of teleportation
 q - 2 scrolls of remove curse
Potions
 g - a potion of curing
 i - 2 potions of magic
 k - a potion of brilliance
 l - 3 potions of might
 p - a potion of lignification
 x - 2 potions of heal wounds
Comestibles
 c - 18 rations
 v - 3 chunks of flesh


   Skills:
 + Level 8.5 Fighting
 * Level 11.0 Axes
 + Level 7.9 Armour
 + Level 7.2 Dodging


You had 8 spell levels left.
You didn't know any spells.
Your spell library was empty.

Dungeon Overview and Level Annotations

Branches:
Dungeon (8/15)             Temple (1/1) D:5
   Lair: D:8-11

Altars:
Ashenzari
Cheibriados
Dithmenos
Elyvilon
Fedhas
Gozag
Hepliaklqana
Kikubaaqudgha
Makhleb
Nemelex Xobeh
Okawaru
Qazlal
Ru
Sif Muna
Trog
Uskayaw
Vehumet
Wu Jian
Xom
Yredelemnul
Zin
The Shining One

Shops:
D:6 }   D:7 (

Annotations:
D:5 exclusion: 2 doors


Innate Abilities, Weirdness & Mutations

You reflexively headbutt those who attack you in melee.
You have a pair of horns on your head.


Message History

The electric eel shoots out a bolt of lightning at you!
The bolt of electricity misses you.
The orc wizard looks encouraged for a moment.
Things that are here:
a +0 flail; a +0 ring mail The electric eel shoots out a bolt of lightning at you!
The bolt of electricity hits you!
* * * LOW HITPOINT WARNING * * *
The orc wizard looks satisfied for a moment.
The electric eel shoots out a bolt of lightning at you!
The bolt of electricity hits you!
* * * LOW HITPOINT WARNING * * *
Some of the chunks of flesh in your inventory have rotted away.
The orc wizard splashes around in the water.
The electric eel shoots out a bolt of lightning at you!
The bolt of electricity hits you!
* * * LOW HITPOINT WARNING * * *
The electric eel shoots out a bolt of lightning at you!
The bolt of electricity hits you!
You die...

.▓..... ....▓...
..(.(....o.......
.☘.....≈.☘.☘...≈▓▓▓▓▓▓
≈.≈.(≈≈oo☘≈≈≈≈≈≈≈≈≈≈≈≈ ▓▓▓▓▓▓
≈≈≈≈≈≈(≈≈≈≈≈≈≈≈≈≈≈≈≈≈ ▓.....
≈≈;≈≈≈≈≈≈≈;≈≈≈≈≈≈≈≈▓ ▓.....
≈≈≈☘.≈≈≈≈(≈≈≈...≈▓▓▓▓ ▓.....
≈≈...≈.≈≈†≈≈≈....÷..▓ ▓▓▓.....
≈.......).......@..–▓▓+▓▓▓.......
....▓.▓▓▓▓▓▓.................▓▓▓▓
▓▓▓ ▓. ▓.................▓ .
▓.................▓ ▓.
▓.................▓ ▓
+.................▓
▓.................▓
▓▓.......▓▓▓▓▓▓▓▓▓▓ ▓.......▓
▓.......+ ▓.......▓


You could see an electric eel and an orc priest.

Vanquished Creatures
  Pikel (D:5)
  2 hippogriffs (D:7)
  A human (D:7)
  4 hogs (D:7)
  An orc warrior (D:6)
  2 sky beasts
  A phantom (D:6)
  A black bear (D:6)
  4 slaves (D:5)
  5 ogres
  A bullfrog (D:8)
  A scorpion (D:6)
  An electric eel (D:8)
  3 crimson imps
  2 howler monkeys
  2 jellies (D:6)
  6 orc wizards
  3 hounds
  4 orc priests
  2 iguanas
  3 worker ants
  A hound zombie (D:5)
  A howler monkey skeleton (D:3)
  8 adders
  4 oozes
  An adder zombie (D:6)
  3 dart slugs
  7 leopard geckos
  17 orcs
  10 bats
  2 giant cockroaches
  4 goblins
  9 hobgoblins
  5 jackals
  9 kobolds
  4 quokkas
  A ball python (D:3)
  7 frilled lizards
  A quokka skeleton (D:5)
  10 rats
154 creatures vanquished.

Notes
Turn   | Place    | Note
-------+----------+-------------------------------------------
     0 | D:1      | Dragon00 the Minotaur Berserker began the quest for the
                  | Orb.
     0 | D:1      | Reached XP level 1. HP: 19/19 MP: 0/0
    15 | D:1      | Reached XP level 2. HP: 12/27 MP: 1/1
   461 | D:1      | Reached skill level 4 in Axes
   614 | D:1      | Found a sparkling altar of Nemelex Xobeh.
   636 | D:1      | You fall into a shaft and drop 1 floor!
   725 | D:2      | Reached XP level 3. HP: 33/33 MP: 2/2
   898 | D:2      | Reached ** piety under Trog
  1757 | D:3      | Reached XP level 4. HP: 38/40 MP: 3/3
  2158 | D:3      | Reached *** piety under Trog
  2292 | D:4      | Noticed an ogre
  2299 | D:4      | Killed an ogre
  2299 | D:4      | Reached skill level 5 in Axes
  2299 | D:4      | Reached XP level 5. HP: 47/47 MP: 4/4
  2532 | D:4      | Reached skill level 5 in Fighting
  2532 | D:4      | Reached XP level 6. HP: 24/56 MP: 5/5
  2986 | D:4      | Reached skill level 6 in Axes
  3323 | D:5      | Entered Level 5 of the Dungeon
  3375 | D:5      | Found a staircase to the Ecumenical Temple.
  3376 | D:5      | Noticed a sky beast
  3392 | D:5      | Reached XP level 7. HP: 55/61 MP: 6/6
  3411 | Temple   | Entered the Ecumenical Temple
  3618 | D:5      | Noticed Pikel
  3632 | D:5      | Reached skill level 7 in Axes
  3637 | D:5      | Reached skill level 5 in Armour
  3722 | D:5      | Killed Pikel
  3722 | D:5      | Reached skill level 8 in Axes
  3722 | D:5      | Reached skill level 5 in Dodging
  3722 | D:5      | Reached XP level 8. HP: 71/71 MP: 7/7
  4607 | D:6      | Found Xatac's Gadget Boutique.
  4714 | D:6      | Reached skill level 9 in Axes
  5001 | D:6      | Reached XP level 9. HP: 79/79 MP: 8/8
  5420 | D:6      | Found a sparkling altar of Nemelex Xobeh.
  5536 | D:7      | Reached skill level 10 in Axes
  5688 | D:7      | Found Niodex's Weapon Boutique.
  5961 | D:7      | Reached **** piety under Trog
  6170 | D:8      | Reached skill level 11 in Axes
  6184 | D:8      | HP: 2/82 [electric eel/bolt of electricity (9)]
  6185 | D:8      | Killed from afar by an electric eel

Levels and vault maps discovered:
D:1:      minmay_arrival_open_corners, layout_rooms,
          corexii_item_surrounded_by_moat, nemelex_diamond_rough_becter
D:2:      layout_rooms, first_ration, hangedman_decor_diamond_cutter
D:3:      layout_basic, minmay_tree_intersection, kennysheep_generic_room_14
D:4:      layout_basic, st_stairs_5
D:5:      cheibrodos_two_vegetables, layout_rooms,
          minmay_temple_entry_sparse_star, uniq_pikel
D:6:      minmay_spotlight, layout_loops_ring, nicolae_overflow_hidden_temple,
          serial_shops, kennysheep_mini, grunt_tough_drop
D:7:      layout_rooms, serial_shops, kennysheep_mini_moat, grunt_livestock,
          minmay_misc_feat_cross
D:8:      layout_gridville, chequers_big_river, disabler_island, uniq_harold,
          uniq_maurice
Temple:   compressed_dpeg_circular_temple

Skill      XL: |  1  2  3  4  5  6  7  8  9 |
---------------+----------------------------+-----
Fighting       | 4 5 6 7 8 |  8.5
Axes           | 4 5 6 8 9 11 | 11.0
Armour         | 3 4 5 6 7 |  7.9
Dodging        | 3 4 5 6 7 |  7.2

Action                   |  1- 3 |  4- 6 |  7- 9 || total
-------------------------+-------+-------+-------++-------
Melee: Hand axe          |    91 |   112 |   206 ||   409
       Headbutt          |     9 |    18 |    53 ||    80
 Fire: Hunting sling     |       |       |    39 ||    39
Throw: Stone             |    64 |    69 |    21 ||   154
       Boomerang         |       |       |     5 ||     5
Invok: Berserk           |     1 |     1 |     4 ||     6
       Trog's Hand       |       |     1 |     5 ||     6
  Use: Scroll            |       |       |    10 ||    10
       Potion            |       |       |     1 ||     1
  Eat: Chunk             |     4 |     3 |    14 ||    21
       Ration            |       |     1 |       ||     1
Armor: Animal skin       |     4 |       |       ||     4
       Ring mail         |     1 |       |       ||     1
       Plate armour      |    32 |    69 |    99 ||   200
Dodge: Dodged            |    44 |    40 |    77 ||   161

Table legend:
 A = Non-vault XP
 B = Vault XP
 C = Vault XP percentage of total XP
 D = Non-vault monster count
 E = Vault monster count
 F = Vault count percentage of total count
                 A         B        C        D         E       F
            +---------+---------+-------+---------+---------+-------
      Total |    3305 |    1692 |  33.9 |     140 |      10 |   6.7
            +---------+---------+-------+---------+---------+-------
        D:1 |      57 |       0 |   0.0 |      27 |       0 |   0.0
        D:2 |      37 |       0 |   0.0 |      15 |       0 |   0.0
        D:3 |      76 |       3 |   3.8 |      21 |       1 |   4.5
        D:4 |     536 |       3 |   0.6 |      24 |       1 |   4.0
        D:5 |     472 |     691 |  59.4 |      13 |       2 |  13.3
        D:6 |    1106 |       2 |   0.2 |      22 |       1 |   4.3
        D:7 |     739 |     993 |  57.3 |      11 |       5 |  31.2
        D:8 |     282 |       0 |   0.0 |       7 |       0 |   0.0
            +---------+---------+-------+---------+---------+-------
